 Dungeon Crawl Stone Soup version 0.31-a0-1074-g0b22e4e0f1 (webtiles) character file.

Game seed: 4585953980922932602

3598 Rennog the Grappler (level 10, -7/90 HPs)
             Began as a Ghoul Delver on Dec 4, 2023.
             Was an Elder of Fedhas.
             Killed from afar by an efreet (17 damage)
             ... with a bolt of fire
             ... on level 8 of the Dungeon.
             The game lasted 00:15:04 (6838 turns).

Rennog the Grappler (Ghoul Delver)                  Turns: 6838, Time: 00:15:07

Health: -7/90      AC: 13    Str: 21    XL:     10   Next: 10%
Magic:  9/12       EV:  8    Int:  9    God:    Fedhas [****..]
Gold:   406        SH:  0    Dex: 10    Spells: 9/9 levels left

rFire   . .          .
                       - Unarmed
rCold   + . .        (no shield)
rNeg    + + +        n - +0 chain mail
rPois   ∞            y - +1 hat
rElec   .            g - +2 cloak
rCorr   .            (no gloves)
SInv    .            (no boots)
Will    .....        (no amulet) Stlth
                     (no ring)
HPRegen 0.00/turn    (no ring)
MPRegen 0.13/turn

%: no passive effects
@: about to teleport, inhibited regen, hasted, very quick
A: claws 1, cold resistance 1, negative energy resistance 3, inhibited
regeneration, torment resistance 2, devour on kill
a: Renounce Religion, Wall of Briars, Grow Ballistomycete, Overgrow


You were on level 8 of the Dungeon.
You worshipped Fedhas.
Fedhas was greatly pleased with you.
You visited 1 branch of the dungeon, and saw 8 of its levels.

You collected 406 gold pieces.

Inventory:

Armour
 a - a +0 leather armour
 g - a +2 cloak (worn)
 n - a +0 chain mail (worn)
 t - a scarf of repulsion
 y - a +1 hat (worn)
Talismans
 v - a maw talisman
Wands
 f - a wand of digging (3)
 x - a wand of roots (31)
 F - a wand of light (10)
Scrolls
 b - 3 scrolls of fog
 c - 3 scrolls of revelation
 h - 4 scrolls of identify
 k - 3 scrolls of brand weapon {unknown}
 p - a scroll of amnesia {unknown}
 s - a scroll of immolation {unknown}
 w - a scroll of vulnerability {unknown}
 A - a scroll of butterflies {unknown}
 B - a scroll of noise {unknown}
 C - a scroll of blinking {unknown}
 E - a scroll of enchant armour {unknown}
Potions
 e - a potion of haste
 i - 2 potions of cancellation {unknown}
 j - 3 potions of curing {unknown}
 l - a potion of invisibility {unknown}
 m - 3 potions of mutation {unknown}
 q - a potion of brilliance {unknown}
 r - a potion of resistance {unknown}
 u - 4 potions of heal wounds {unknown}
 z - a potion of ambrosia
 D - a potion of degeneration {unknown}


   Skills:
 + Level 8.9 Fighting
 + Level 3.4 Armour
 - Level 1.7 Dodging
 - Level 5.4 Stealth
 * Level 11.7 Unarmed Combat
 + Level 4.1 Invocations


You had 9 spell levels left.
You didn't know any spells.
Your spell library contained the following spells:

 Spells                   Type           Power      Damage    Failure   Level
 Freeze                   Ice            0%         1d3       96%         1
 Slow                     Hex            0%         N/A       96%         1
 Summon Small Mammal      Summ           0%         N/A       96%         1
 Blink                    Tloc           0%         N/A       99%         2
 Lesser Beckoning         Tloc           0%         N/A       99%         2
 Momentum Strike          Conj/Tloc      0%         3d8       99%         2
 Call Canine Familiar     Summ           0%         N/A       100%        3
 Confusing Touch          Hex            0%         N/A       100%        3
 Frozen Ramparts          Ice            0%         1d1       100%        3
 Hailstorm                Conj/Ice       0%         3d3       100%        3
 Sigil of Binding         Hex            0%         N/A       100%        3
 Summon Guardian Golem    Hex/Summ       0%         N/A       100%        3
 Tukima's Dance           Hex            0%         N/A       100%        3
 Vampiric Draining        Necr           0%         2d6       100%        3
 Cause Fear               Hex            0%         N/A       100%        4
 Olgreb's Toxic Radiance  Pois           0%         N/A       100%        4
 Passage of Golubria      Tloc           0%         N/A       100%        4
 Fireball                 Conj/Fire      0%         3d3       100%        5
 Yara's Violent Unravell  Hex/Tmut       0%         3d3       100%        5
 Discord                  Hex            0%         N/A       100%        8
 Ignition                 Fire           0%         3d3       100%        8
 Dragon's Call            Summ           0%         N/A       100%        9


Dungeon Overview and Level Annotations

Branches:
Dungeon (8/15)             Temple (0/1) D:6
   Lair: D:8-11

Altars:
Dithmenos
Fedhas
Qazlal
Ru
Uskayaw
Xom

Shops:
D:4 :

Annotations:
D:3 3 runed translucent doors, Moreman's ghost, amateur DrEE
D:6 1 transporter, jejorda2's ghost, novice GnBe


Innate Abilities, Weirdness & Mutations

You are immune to poison.
You have sharp fingernails.
Your flesh is cold resistant. (rC+)
You are immune to negative energy. (rN+++)
You do not regenerate when monsters are visible.
You are immune to unholy pain and torment.
You thrive by killing the living.


Message History

Beogh smites you!
The vampire mosquito closely misses you.
The orc moves out of view.
As you read the scroll of teleportation, it crumbles to dust.
You feel strangely unstable.
The vampire mosquito closely misses you.
The boulder beetle bites you! The cyclops hits you.
As you read the scroll of fear, it crumbles to dust.
You assume a fearsome visage.
The orc priest looks frightened!
The boulder beetle looks frightened!
The skeletal warrior is unaffected.
The cyclops looks frightened!
The vampire mosquito is unaffected.
The vampire mosquito bites you but does no damage.
The boulder beetle leaps!
The vampire mosquito bites you but does no damage.
The cyclops begs for mercy.
Your surroundings suddenly seem different.
An efreet comes into view.
It is wielding a +0 scimitar of flaming.
Found 6 atropa-tipped darts, 9 stones and a brown potion.
The efreet gestures at you.
The fireball explodes!
The fireball engulfs you.
You see here 9 stones.
You cannot walk through the dense trees.
The efreet gestures at you. The bolt of fire hits you!!
* * * LOW HITPOINT WARNING * * *
Aiming: Grow Ballistomycete (28% risk of failure)
Press: ? - help, Dir - move target You fail to use your ability.
You feel yourself speed up.
A briar patch grows up from the ground. x3
As you read the scroll of teleportation, it crumbles to dust.
You feel strangely unstable. The efreet gestures at you.
The bolt of fire hits your briar patch!!
Your briar patch is burned terribly!
Your briar patch is destroyed!
Your briar patch disappears in a puff of smoke!
The bolt of fire hits you!
You die...
Fedhas appreciates your contribution to the ecosystem.

. ##.♣♣..♣ #. o#
♣♣..♣ #. # ♣♣..♣
#. ....♣ #. ♣..♣
#♣ ### ##.## #
♣♣.♣♣♣!..♣♣ ○♣♣ ♣
#♣P~.♣°~~~.♣R~.♣#♣
#@§R°.#~§~#☼~~~ #.
#♣P~.♣.~~~○♣ #♣
♣♣.♣♣♣(.(♣♣ ♣ ###
##### ### #..
####### .......
#######


You could see an efreet.

Vanquished Creatures
  Maurice (D:8)
  2 hornets (D:8)
  A troll (D:8)
  Grinder (D:5)
  Sigmund (D:5)
  A yak (D:8)
  Eustachio (D:3)
  A water moccasin (D:8)
  An ice beast (D:5)
  A sky beast (D:8)
  3 black bears
  An ogre (D:7)
  2 centaurs
  A phantom (D:7)
  A kobold brigand (D:7)
  3 bullfrogs
  A scorpion (D:5)
  4 wights
  2 killer bees
  2 howler monkeys
  2 hounds (D:7)
  A jelly (D:5)
  2 orc priests (D:8)
  Jessica (D:2)
  3 iguanas
  3 orc wizards
  3 gnolls (D:5)
  4 adders
  A white imp (D:5)
  2 ufetubi (D:7)
  A worm (D:2)
  4 dart slugs
  17 orcs
  6 ball pythons
  5 endoplasms
  2 giant cockroaches (D:3)
  4 goblins
  3 hobgoblins
  4 jackals (D:1)
  2 quokkas
  6 bats
  5 frilled lizards
  14 kobolds
  10 rats
136 creatures vanquished.

Vanquished Creatures (others)
  A sky beast (D:8)
  A scorpion (D:5)
  3 sleepcaps
  An orc (D:6)
6 creatures vanquished.

Grand Total: 142 creatures vanquished

Notes
Turn   | Place    | Note
-------+----------+-------------------------------------------
     0 | D:5      | Rennog the Ghoul Delver began the quest for the Orb.
     0 | D:5      | Reached XP level 1. HP: 19/19 MP: 0/0
    59 | D:3      | Found a runed translucent gate.
    59 | D:3      | Found a runed translucent gate.
   108 | D:3      | Found a runed translucent gate.
   108 | D:3      | Noticed Moreman's ghost (amateur DrEE)
   135 | D:2      | Found a faded altar of an unknown god.
   202 | D:2      | Prayed at the altar of an unknown god.
   202 | D:2      | Became a worshipper of Fedhas Madash
   202 | D:2      | Reached * piety under Fedhas
   348 | D:1      | Reached XP level 2. HP: 26/26 MP: 1/1
   487 | D:1      | Reached skill level 3 in Unarmed Combat
   883 | D:1      | Reached XP level 3. HP: 33/33 MP: 2/2
   902 | D:1      | Reached ** piety under Fedhas
  1117 | D:2      | Noticed a black bear
  1638 | D:3      | Reached XP level 4. HP: 40/40 MP: 3/3
  1872 | D:3      | Reached skill level 4 in Unarmed Combat
  2030 | D:2      | Killed a black bear
  2031 | D:2      | Reached skill level 5 in Unarmed Combat
  2031 | D:2      | Reached XP level 5. HP: 32/47 MP: 4/4
  2224 | D:2      | Noticed Jessica
  2231 | D:2      | Killed Jessica
  2611 | D:4      | Noticed Eustachio
  2752 | D:3      | Killed Eustachio
  2753 | D:3      | Reached skill level 5 in Fighting
  2753 | D:3      | Reached skill level 6 in Unarmed Combat
  2753 | D:3      | Reached XP level 6. HP: 31/56 MP: 5/5
  2869 | D:4      | Found Hauste's Vocational Training.
  3092 | D:5      | Noticed Grinder
  3094 | D:5      | Paralysed by Grinder for 4 turns
  3114 | D:5      | Killed Grinder
  3115 | D:5      | Reached skill level 7 in Unarmed Combat
  3115 | D:5      | Reached XP level 7. HP: 49/62 MP: 6/6
  3189 | D:5      | Found a stormy altar of Qazlal.
  3189 | D:5      | Found a faded altar of an unknown god.
  3198 | D:5      | Found a shadowy altar of Dithmenos.
  3200 | D:5      | Found a faded altar of an unknown god.
  3202 | D:5      | Found a blossoming altar of Fedhas.
  3335 | D:5      | Reached *** piety under Fedhas
  3647 | D:5      | Noticed Sigmund
  3746 | D:6      | Found a hide-covered altar of Uskayaw.
  3748 | D:6      | Found a sacrificial altar of Ru.
  4094 | D:6      | Reached skill level 8 in Unarmed Combat
  4094 | D:6      | Reached XP level 8. HP: 50/71 MP: 7/7
  4414 | D:6      | Found a shimmering altar of Xom.
  4505 | D:6      | Found a staircase to the Ecumenical Temple.
  4565 | D:6      | Reached skill level 9 in Unarmed Combat
  4574 | D:6      | Found a transporter.
  4583 | D:6      | Noticed a queen bee
  4584 | D:6      | Noticed a hornet
  4584 | D:6      | Noticed jejorda2's ghost (novice GnBe)
  4587 | D:6      | Found a transporter.
  5121 | D:7      | Reached **** piety under Fedhas
  5122 | D:7      | Reached skill level 10 in Unarmed Combat
  5236 | D:7      | Reached XP level 9. HP: 54/81 MP: 8/8
  5545 | D:5      | Reached skill level 1 in Invocations
  5578 | D:5      | Killed Sigmund
  5579 | D:5      | Reached skill level 1 in Armour
  6006 | D:8      | Noticed Maurice
  6028 | D:8      | Something stole a maw talisman
  6031 | D:8      | Something stole 312 gold
  6061 | D:8      | Killed Maurice
  6336 | D:8      | Reached skill level 11 in Unarmed Combat
  6368 | D:8      | Noticed a hornet
  6370 | D:8      | Noticed a four-headed hydra
  6541 | D:8      | Noticed a hornet
  6555 | D:8      | Killed a hornet
  6614 | D:8      | Killed a hornet
  6661 | D:8      | Noticed a troll
  6667 | D:8      | Killed a troll
  6668 | D:8      | Reached XP level 10. HP: 65/90 MP: 11/11
  6823 | D:8      | Noticed a boulder beetle
  6823 | D:8      | Noticed a skeletal warrior
  6823 | D:8      | Noticed a cyclops
  6838 | D:8      | Killed from afar by an efreet

Illustrated notes

Levels and vault maps discovered:
D:1:      dpeg_arrival_simpleton_b, layout_loops_ring, st_stairs_12
D:2:      layout_basic, shapermc_ecumenical_altar_ellora, minmay_diced_spiral,
          uniq_jessica
D:3:      layout_basic, ebering_ghost_rock_garden
D:4:      layout_cave_pools, columned_hall_lemuel, nicolae_shop_vocational,
          uniq_eustachio
D:5:      layout_loops_ring, chequers_temple_overflow_minitemple, uniq_grinder,
          uniq_sigmund
D:6:      layout_rooms, grunt_temple_overflow_open,
          minmay_temple_entry_poolview, gammafunk_ghost_hive
D:7:      layout_gridville, dreamdust_divine_triumvirate, serial_glass,
          glass_columns_b, glass_columns_c, minmay_misc_feat_secret_circle
D:8:      nzn_winding_woodlands_large [nzn_winding_woodlands_5x5_default,
          nzn_winding_woodlands_5x15_pathside_ponds,
          nzn_winding_woodlands_5x5_default,
          nzn_winding_woodlands_center_triple_pond,
          nzn_winding_woodlands_15x15_thick_spiral,
          nzn_winding_woodlands_center_garden, nzn_winding_woodlands_5x5_three,
          nzn_winding_woodlands_5x15_twine, nzn_winding_woodlands_5x5_cross],
          layout_basic, chequers_arboretum, uniq_maurice

Skill      XL: |  1  2  3  4  5  6  7  8  9 10 |
---------------+-------------------------------+-----
Unarmed Combat | 3 5 6 7 8 10 11 | 11.7
Fighting       | 4 5 6 7 8 |  8.9
Invocations    | 3 4 |  4.1
Armour         | 3 |  3.4
Dodging        | |  1.7
Stealth        | |  5.4

Action                     |  1- 3 |  4- 6 |  7- 9 | 10-12 || total
---------------------------+-------+-------+-------+-------++-------
  Melee: Unarmed           |   128 |   117 |   258 |    14 ||   517
         Punch             |     2 |     1 |    14 |     3 ||    20
 Invoke: Wall of Briars    |       |       |       |     1 ||     1
  Evoke: Wand              |       |       |     1 |       ||     1
    Use: Scroll            |     1 |       |     3 |     3 ||     7
         Potion            |       |       |     1 |     1 ||     2
   Stab: Sleeping          |     6 |       |       |       ||     6
         Invisible         |       |       |     3 |       ||     3
 Armour: Leather armour    |    16 |       |       |       ||    16
         Chain mail        |    63 |   135 |   245 |    20 ||   463
  Dodge: Dodged            |    48 |    73 |    94 |     8 ||   223

Table legend: (Time is in decaauts)
 A = Elapsed time spent in this place.
 B = Non-inter-level travel time spent in this place.
 C = Inter-level travel time spent in this place.
 D = Time resting spent in this place.
 E = Time spent auto-exploring this place.
 F = Levels seen in this place.
 G = Mean time per level.
                   A        B        C        D        E       F      G
               +--------+--------+--------+--------+--------+-----+--------+
         Total |   6760 |   6261 |    499 |    947 |   4018 |   8 |  845.0 |
       Dungeon |   6760 |   6261 |    499 |    947 |   4018 |   8 |  845.0 |
               +--------+--------+--------+--------+--------+-----+--------+

Top non-repeatable levels by time:
     D:5: 1223 daAuts
     D:7: 995 daAuts
     D:6: 842 daAuts
     D:3: 842 daAuts
     D:1: 828 daAuts
     D:2: 786 daAuts
     D:8: 663 daAuts
     D:4: 578 daAuts
